 Dungeon Crawl Stone Soup version 0.19-a0-1879-gd95bc26 (webtiles) character file.

254 Minion the Chopper (level 5, -4/41 HPs)
             Began as a Mummy Fighter on Oct 14, 2016.
             Slain by Sigmund
             ... wielding a +0 scythe
              (7 damage)
             ... on level 4 of the Dungeon.
             The game lasted 00:10:13 (2978 turns).

Minion the Chopper (Mummy Fighter)                  Turns: 2978, Time: 00:10:13

Health: -4/41      AC: 14    Str: 24    XL:     5   Next: 90%
Magic:  5/5        EV:  6    Int:  7    God:
Gold:   205        SH:  0    Dex: 15    Spells: 0 memorised, 4 levels left

rFire  x . .     SeeInvis .     i - -3 flail (curse)
rCold  + . .     Gourm    .     d - +0 plate armour
rNeg   + + +     Faith    .     (no shield)
rPois  ∞         Spirit   .     (no helmet)
rElec  .         Dismiss  .     e - +0 cloak
rCorr  .         Reflect  .     g - +1 pair of gloves
MR     .....     Harm     .     (no boots)
Stlth  ..........               (no amulet)
                                l - +4 ring of strength
                                j - +3 ring of dexterity

@: no status effects
A: no food or potions, fire vulnerability, cold resistance 1, negative energy
resistance 3, torment resistance, unbreathing
a: no special abilities


You were on level 4 of the Dungeon.
You were not hungry.

You visited 1 branch of the dungeon, and saw 4 of its levels.

You collected 205 gold pieces.

Inventory:

Hand Weapons
 a - a +0 war axe
 i - a cursed -3 flail (weapon)
Armour
 d - a +0 plate armour (worn)
 e - a +0 cloak (worn)
 g - a +1 pair of gloves (worn)
Jewellery
 j - a +3 ring of dexterity (left hand)
 l - a +4 ring of strength (right hand)
Scrolls
 c - 2 scrolls of identify
 f - 2 scrolls of teleportation


   Skills:
 - Level 3.0 Fighting
 + Level 5.2 Axes
 - Level 2.4 Armour
   Level 2.4 Shields


You had 4 spell levels left.
You didn't know any spells.

Dungeon Overview and Level Annotations

Branches:
Dungeon (4/15)
 Temple: D:4-7

Altars:
Elyvilon
Ru

Annotations:
D:4 Sigmund


Innate Abilities, Weirdness & Mutations

You do not eat or drink.
Your flesh is vulnerable to fire.
You are immune to poison.
Your flesh is cold resistant. (rC+)
You are immune to negative energy. (rN+++)
You are immune to unholy pain and torment.
You can survive without breathing.


Message History

You're too confused to attack without stumbling around!
You're too confused to attack without stumbling around!
You're too confused to attack without stumbling around!
You're too confused to attack without stumbling around!
You're too confused to move!
You bump into the rock wall.
Something hits you but does no damage. Something hits you but does no damage.
You see here a pair of boots.
You feel less confused.
A magic dart appears from out of thin air!
The magic dart hits you! Something hits you.
* * * LOW HITPOINT WARNING * * *
You miss something. Something hits you.
* * * LOW HITPOINT WARNING * * *
You barely miss something. You closely miss something. Something hits you.
* * * LOW HITPOINT WARNING * * *
You miss something. Something hits you!
You die...

..##.........(#
#.##..........#
#.##..........#
#.##..........#
#+###.##..........#
###.#...#.##.....######
.......................
###+###'#.#.##.#..#####
#....{@...#.#<.#..##
#.......[.#.#..#=(.#
#.........#.#..#.#.##
###+###.#.#.###.....#
#.#.#...+...#.#
#.#.#####...#.### ..#.#
+...+.#.# ###.#
#.(.##.#) .# #...#.#.#


There were no monsters in sight!

Vanquished Creatures
  A scorpion (D:4)
  An iguana (D:4)
  An orc wizard (D:4)
  A worker ant (D:4)
  3 adders
  An ooze (D:2)
  An adder skeleton (D:4)
  2 worms
  A dart slug (D:2)
  4 leopard geckos
  13 orcs
  9 bats
  3 giant cockroaches
  5 goblins
  7 hobgoblins
  3 jackals (D:3)
  8 kobolds
  A quokka (D:4)
  5 frilled lizards
  A quokka zombie (D:3)
  4 rats
75 creatures vanquished.

Notes
Turn   | Place    | Note
-------+----------+-------------------------------------------
     0 | D:1      | Minion the Mummy Fighter began the quest for the Orb.
     0 | D:1      | Reached XP level 1. HP: 18/18 MP: 1/1
   103 | D:1      | Reached skill level 2 in Axes
   119 | D:1      | Reached XP level 2. HP: 24/24 MP: 2/2
  1024 | D:2      | Reached XP level 3. HP: 21/29 MP: 3/3
  1158 | D:2      | Reached skill level 3 in Axes
  1727 | D:3      | Reached XP level 4. HP: 23/35 MP: 4/4
  1890 | D:3      | Found a white marble altar of Elyvilon.
  2149 | D:3      | Reached skill level 4 in Axes
  2230 | D:4      | Reached XP level 5. HP: 20/41 MP: 5/5
  2636 | D:4      | Found a sacrificial altar of Ru.
  2740 | D:4      | Reached skill level 5 in Axes
  2940 | D:4      | Noticed Sigmund
  2978 | D:4      | Slain by Sigmund

Vault maps used:
D:1:      lemuel_arrival_broad_hall
D:2:      first_bread
D:3:      nicolae_overflow_hidden_temple
D:4:      serial_shops, nicolae_shop_waterfront, nicolae_ru_path_of_blood,
          uniq_sigmund

Skill      XL: |  1  2  3  4  5 |
---------------+----------------+-----
Axes           | 2 3 4 5 |  5.2
Fighting       | |  3.0
Armour         | |  2.4
Shields        | |  2.4

Action                   |  1- 3 |  4- 6 || total
-------------------------+-------+-------++-------
Melee: War axe           |    53 |       ||    53
       Trident           |   142 |   212 ||   354
       Flail             |       |    35 ||    35
  Use: Scroll            |     8 |     4 ||    12
Armor: Scale mail        |    22 |       ||    22
       Plate armour      |   136 |   190 ||   326
Dodge: Dodged            |    61 |    57 ||   118
